[Event "Titled Tuesday Blitz October 25 Late 2022"]
[White "Papp, Petra"]
[Black "Weisz, Bryan"]
[WhiteFideId "739049"]
[BlackFideId "30934133"]
[WhiteElo "2259"]
[BlackElo "2264"]
[Result "1-0"]
[Round "03"]
[TimeControl "180+1"]
[Date "2022.10.26"]
[WhiteClock "0:00:26"]
[BlackClock "0:00:09"]

1. e4 e5 2. Nf3 Nc6 3. Bc4 Na5 4. Nxe5 Nxc4 5. Nxc4 d5 6. exd5 Qxd5 7. Ne3 Qc6 8. O-O Nf6 9. d4 Bd7 10. c4 O-O-O 11. Nc3 Bb4 12. d5 Qa6 13. Qb3 Bd6 14. Nb5 Bxb5 15. cxb5 Qb6 16. Nc4 Qc5 17. Be3 Qxd5 18. Rfd1 Qh5 19. h3 Bc5 20. a4 Bxe3 21. Nxe3 Rxd1+ 22. Rxd1 Rd8 23. Rc1 Nd5 24. Qc4 Qe5 25. Qc5 b6 26. Qc6 Nxe3 27. fxe3 Qxe3+ 28. Kh1 Qe7 29. a5 bxa5 30. Qa8+ Kd7 31. Qxa7 Ke8 32. Qxa5 Qe5 33. Re1 1-0


[Site "https://www.chess.com"]

[Event "Titled Tuesday Blitz October 25 Late 2022"]
[White "Paravyan, David"]
[Black "Zochowski, Kacper"]
[WhiteFideId "4194985"]
[BlackFideId "1125494"]
[WhiteElo "2555"]
[BlackElo "2292"]
[Result "1-0"]
[Round "03"]
[TimeControl "180+1"]
[Date "2022.10.26"]
[WhiteClock "0:01:26"]
[BlackClock "0:00:50"]

1. e4 d6 2. d4 g6 3. Nc3 Bg7 4. Nf3 a6 5. Bg5 h6 6. Be3 b5 7. e5 e6 8. Bd3 Ne7 9. a4 b4 10. Ne4 Nf5 11. Qe2 Bb7 12. O-O-O Bxe4 13. Bxe4 d5 14. Bxf5 gxf5 15. Nd2 Nd7 16. g4 f4 17. Bxf4 c5 18. dxc5 Nxc5 19. Nc4 Qc7 20. Nd6+ Kf8 21. Kb1 Nxa4 22. Qf3 Nxb2 23. Rxd5 exd5 24. Qxd5 Rd8 25. Qb3 Qc3 26. Qxf7# 1-0


[Site "https://www.chess.com"]

[Event "Titled Tuesday Blitz October 25 Late 2022"]
[White "Pein, Jonathan"]
[Black "Kowalczyk, Pawel"]
[WhiteFideId "417092"]
[BlackFideId "1130641"]
[WhiteElo "2240"]
[BlackElo "2324"]
[Result "0-1"]
[Round "03"]
[TimeControl "180+1"]
[Date "2022.10.26"]
[WhiteClock "0:00:04"]
[BlackClock "0:02:48"]

1. Nf3 Nf6 2. g3 g6 3. Bg2 Bg7 4. b3 O-O 5. Bb2 d6 6. d4 Nbd7 7. O-O c6 8. c4 Qc7 9. Nc3 e5 10. e3 Re8 11. Qc2 Nf8 12. Rfd1 e4 13. Nd2 d5 14. cxd5 cxd5 15. Rac1 Bg4 16. Re1 Qd7 17. Na4 b6 18. Ba3 Rac8 19. Qb2 Ne6 20. Rxc8 Rxc8 21. Rc1 Ng5 22. Rxc8+ Qxc8 23. Qc3 Qd7 24. Qb4 Nf3+ 25. Nxf3 exf3 26. Bf1 h5 27. Nc3 Qf5 28. Qe7 Bh3 29. Qd8+ Kh7 30. Be7 Bxf1 31. Kxf1 Qd3+ 32. Kg1 Qxc3 33. h4 Qe1+ 34. Kh2 Qxf2+ 35. Kh3 Qg2# 0-1


[Site "https://www.chess.com"]

[Event "Titled Tuesday Blitz October 25 Late 2022"]
[White "Petrovic, Aleksa"]
[Black "Luxama, Jacques Muller"]
[WhiteFideId "967629"]
[BlackFideId "11900113"]
[WhiteElo "2242"]
[BlackElo "1931"]
[Result "1/2-1/2"]
[Round "03"]
[TimeControl "180+1"]
[Date "2022.10.26"]
[WhiteClock "0:00:11"]
[BlackClock "0:00:03"]

1. e4 c5 2. Nc3 a6 3. g3 g6 4. Bg2 Bg7 5. Nge2 Nc6 6. O-O h5 7. h3 d6 8. d3 e6 9. f4 Nge7 10. Be3 Nd4 11. Bf2 Nec6 12. Nxd4 cxd4 13. Ne2 Bd7 14. Qd2 e5 15. c3 Rc8 16. cxd4 Nxd4 17. Nxd4 exd4 18. Rac1 O-O 19. Kh2 Qb6 20. Bf3 Rxc1 21. Rxc1 Rc8 22. g4 hxg4 23. hxg4 Rxc1 24. Qxc1 Qc5 25. Qd2 b5 26. f5 Be5+ 27. Kg2 Kg7 28. Bd1 d5 29. Bb3 Bc6 30. Qe2 a5 31. a3 a4 32. Ba2 dxe4 33. dxe4 Qc1 34. Bd5 Bxd5 35. exd5 Qf4 36. Qf3 Qh2+ 37. Kf1 gxf5 38. gxf5 Kf6 39. d6 Bxd6 40. Bxd4+ Be5 41. Qc6+ Kxf5 42. Qd7+ Kg6 43. Qg4+ Kf6 44. Qf3+ Ke6 45. Qc6+ Kf5 46. Qd7+ Kg6 47. Qg4+ Kf6 48. Qf3+ Ke6 49. Qc6+ Kf5 1/2-1/2


[Site "https://www.chess.com"]

[Event "Titled Tuesday Blitz October 25 Late 2022"]
[White "Pham, Khoi"]
[Black "Averjanov, Alexey"]
[WhiteFideId "1054988"]
[BlackFideId "14109867"]
[WhiteElo "2462"]
[BlackElo "2667"]
[Result "0-1"]
[Round "03"]
[TimeControl "180+1"]
[Date "2022.10.26"]
[WhiteClock "0:00:01"]
[BlackClock "0:00:10"]

1. e4 c6 2. Nc3 d5 3. Nf3 Bg4 4. h3 Bxf3 5. Qxf3 e6 6. d4 dxe4 7. Nxe4 Nd7 8. Bd3 Ngf6 9. Bg5 Be7 10. O-O-O Nxe4 11. Bxe7 Qxe7 12. Bxe4 O-O 13. h4 Nf6 14. Bd3 Rfd8 15. c3 Rd7 16. g4 Rad8 17. g5 Nd5 18. Rhe1 c5 19. Bb5 Rc7 20. Re5 cxd4 21. Rxd4 Qc5 22. Qd3 Rdc8 23. Rc4 Nf4 24. Qd8+ Rxd8 25. Rcxc5 Rdc8 26. Rxc7 Rxc7 27. Re4 Nd5 28. Bc4 Nb6 29. Rd4 Kf8 30. Bb3 Ke7 31. Kc2 Rd7 32. Rg4 g6 33. h5 Kd6 34. hxg6 hxg6 35. a4 Ke5 36. a5 Nd5 37. Rd4 Rc7 38. Bxd5 exd5 39. Kd3 Rc5 40. b4 Rc8 41. f4+ Ke6 42. Kd2 Rh8 43. c4 dxc4 44. Rxc4 Rd8+ 45. Ke3 Rd7 46. Re4+ Kf5 47. Rc4 Kg4 48. Re4 b6 49. Rc4 bxa5 50. bxa5 Re7+ 51. Kd3 Kf3 52. a6 Re3+ 53. Kd2 Re6 54. Kd3 Rxa6 55. f5 gxf5 56. Rc5 f4 57. Rf5 Kg4 58. Rxf7 Rd6+ 59. Ke4 Kxg5 0-1


[Site "https://www.chess.com"]

[Event "Titled Tuesday Blitz October 25 Late 2022"]
[White "Piesik, Piotr"]
[Black "Petrova, Irina"]
[WhiteFideId "1136194"]
[BlackFideId "14124122"]
[WhiteElo "2323"]
[BlackElo "2023"]
[Result "1-0"]
[Round "03"]
[TimeControl "180+1"]
[Date "2022.10.26"]
[WhiteClock "0:00:56"]
[BlackClock "0:00:01"]

1. Nf3 d6 2. d4 g6 3. g3 Bg7 4. Bg2 Nc6 5. O-O Nf6 6. Nbd2 O-O 7. e4 e5 8. dxe5 Nxe5 9. Nxe5 dxe5 10. Qe2 Bg4 11. Bf3 Bxf3 12. Nxf3 Qe7 13. Rd1 Rad8 14. Bg5 c6 15. Qc4 h6 16. Bxf6 Bxf6 17. a4 Bg7 18. c3 Kh7 19. Nd2 f5 20. exf5 gxf5 21. Nf1 f4 22. Rxd8 Qxd8 23. Re1 Qf6 24. Re2 Qg6 25. Nd2 Qh5 26. Re1 Kh8 27. Ne4 Qh3 28. Qf1 Qf5 29. Kg2 Rd8 30. f3 fxg3 31. hxg3 Bf8 32. Rd1 Rd7 33. Rd3 Rg7 34. Rd8 Kh7 35. Qd3 Rf7 36. Nf2 Be7 37. Qxf5+ Rxf5 38. Rd7 Rf7 39. Rxb7 a5 40. Ne4 Kg6 41. Rc7 c5 42. Rc6+ Kg7 43. Nxc5 Bxc5 44. Rxc5 Rb7 45. Rxe5 Rxb2+ 46. Kh3 Rc2 47. Rxa5 Rxc3 48. f4 Ra3 49. Ra6 Kh7 50. Kg4 Kg7 51. Kh4 Kh7 52. g4 Kg7 53. g5 hxg5+ 54. Kxg5 Rg3+ 55. Kf5 Ra3 56. Ra7+ Kf8 57. Kf6 Ke8 58. f5 Ra1 59. a5 Ra2 60. Re7+ Kf8 61. Re5 Ra3 62. Rb5 Ke8 63. Rb8+ Kd7 64. Ra8 Kc7 65. a6 Kb6 66. Ke7 Re3+ 67. Kf7 Rf3 68. f6 Rf2 69. Ke7 Re2+ 70. Kf8 Rf2 71. f7 Rf1 72. Rb8+ Kxa6 73. Rb4 Rf2 74. Re4 Ka5 75. Ke7 1-0


[Site "https://www.chess.com"]

[Event "Titled Tuesday Blitz October 25 Late 2022"]
[White "Pinero Rodriguez, Carlos Jose"]
[Black "Mihajlov, Sebastian"]
[WhiteFideId "3901726"]
[BlackFideId "1512110"]
[WhiteElo "2146"]
[BlackElo "2464"]
[Result "1-0"]
[Round "03"]
[TimeControl "180+1"]
[Date "2022.10.26"]
[WhiteClock "0:00:19"]
[BlackClock "0:00:16"]

1. b3 a5 2. a3 h5 3. Bb2 h4 4. h3 b6 5. Nf3 Bb7 6. e3 e6 7. c4 d6 8. Nc3 Nd7 9. Qc2 Ngf6 10. Be2 Be7 11. d4 c6 12. O-O-O Qc7 13. Kb1 d5 14. Ng5 g6 15. f4 Nh5 16. Nxe6 Qd6 17. Bxh5 Qxe6 18. Bg4 f5 19. Bf3 Nf6 20. cxd5 cxd5 21. Nb5 Bd6 22. Nc7+ Bxc7 23. Qxc7 Rh7 24. Qe5 Re7 25. Rc1 Kf7 26. Qxe6+ Rxe6 27. Rc7+ Re7 28. Rxe7+ Kxe7 29. Bc3 Kd6 30. Be1 Rh8 31. Bf2 Ba6 32. Kc2 Ne4 33. Bxe4 dxe4 34. Kd2 Bd3 35. Rc1 Ba6 36. a4 Kd7 37. Ke1 Kd6 38. Kd2 Kd7 39. Rg1 Rc8 40. g3 hxg3 41. Rxg3 Bd3 42. Be1 Rc2+ 43. Kd1 Rb2 44. Rxg6 Rxb3 45. h4 Rb1+ 46. Kd2 Rb2+ 47. Kc3 Rc2+ 48. Kb3 Rf2 49. Bxf2 1-0


[Site "https://www.chess.com"]

[Event "Titled Tuesday Blitz October 25 Late 2022"]
[White "Pinheiro, Iung Alicio de O."]
[Black "Babazada, Khazar"]
[WhiteFideId "2104350"]
[BlackFideId "13413554"]
[WhiteElo "2283"]
[BlackElo "2367"]
[Result "0-1"]
[Round "03"]
[TimeControl "180+1"]
[Date "2022.10.26"]
[WhiteClock "0:00:05"]
[BlackClock "0:00:05"]

1. e4 c5 2. Nf3 d6 3. Nc3 e5 4. Bc4 Nc6 5. d3 Be7 6. O-O Be6 7. Nd5 Nf6 8. Ng5 Bxd5 9. exd5 Nb8 10. f4 exf4 11. Bxf4 O-O 12. Qf3 Nbd7 13. Rae1 h6 14. Ne4 Nxe4 15. dxe4 Qb6 16. b3 Bf6 17. Kh1 Be5 18. Bd2 Rae8 19. Qh3 Nf6 20. Bd3 Qd8 21. Rf5 Nh7 22. Ref1 a6 23. a4 Kh8 24. Rh5 Re7 25. Qh4 Qe8 26. Qh3 f6 27. Rhf5 Ref7 28. Be2 Re7 29. R5f3 Kg8 30. Rf5 Bd4 31. Bf3 Re5 32. Rf4 Ng5 33. Qg3 Nxe4 34. Bxe4 Rxe4 35. Rxe4 Qxe4 36. Bxh6 f5 37. Bf4 Be5 38. h3 Qxd5 39. c4 Qe6 40. Qf3 Bxf4 41. Qxf4 Rf7 42. Qf3 Qe4 43. Rd1 Qxf3 44. gxf3 Rf6 45. Rd5 Kf7 46. f4 Ke6 47. Kg2 Rg6+ 48. Kf3 Rg1 49. Rd2 Rb1 50. Re2+ Kf6 51. Re3 Rf1+ 52. Kg3 Rb1 53. Rd3 Ke7 54. Re3+ Kd7 55. Kh4 Rg1 56. Rd3 Kc6 57. Rd5 g6 58. Rd3 b5 59. axb5+ axb5 60. cxb5+ Kxb5 61. Rxd6 Kb4 62. Rb6+ Kc3 63. Rb8 Kd4 64. Rd8+ Ke4 65. Rc8 Kd4 66. Rd8+ Kc3 67. Rb8 Rg2 68. Rb5 Kd4 69. Rb8 Ke4 70. Rc8 Kxf4 71. Rxc5 g5+ 72. Kh5 Rg3 73. Rc4+ Ke5 74. h4 g4 75. Kg5 Rxb3 76. Rc5+ Ke4 77. Rxf5 g3 78. Rf4+ Ke3 79. Rg4 Kf3 80. Rf4+ Ke3 81. Rg4 Rb5+ 82. Kh6 Kf3 83. Rg8 g2 84. h5 Rb4 85. Kh7 Rg4 86. Rf8+ Kg3 87. Ra8 g1=Q 88. Ra3+ Kh4 89. h6 Qb1+ 90. Kh8 Qb8+ 91. Kh7 Qg8# 0-1


[Site "https://www.chess.com"]

[Event "Titled Tuesday Blitz October 25 Late 2022"]
[White "Polster, Christian"]
[Black "Mirimanian, Hayk"]
[WhiteFideId "12965081"]
[BlackFideId "4700180"]
[WhiteElo "2209"]
[BlackElo "2280"]
[Result "0-1"]
[Round "03"]
[TimeControl "180+1"]
[Date "2022.10.26"]
[WhiteClock "0:00:06"]
[BlackClock "0:00:44"]

1. d4 d5 2. Bf4 Nf6 3. e3 c5 4. Nd2 e6 5. Ngf3 Bd6 6. dxc5 Bxc5 7. Bd3 Nc6 8. a3 h6 9. O-O Nh5 10. Be5 Nf6 11. Bg3 Nh5 12. e4 Nxg3 13. hxg3 dxe4 14. Nxe4 Be7 15. Qe2 O-O 16. Rfd1 Qc7 17. Qe3 b6 18. g4 Ne5 19. g5 Nxf3+ 20. Qxf3 hxg5 21. Nf6+ Bxf6 22. Qxa8 Bb7 23. Qxa7 Ra8 24. Qxa8+ Bxa8 25. c3 Qc6 26. Bf1 g6 27. Rd3 Kg7 28. Rad1 g4 29. Rg3 Qe4 30. Re3 Qf5 31. Rd7 Bd5 32. c4 Bc6 33. Rd6 Qc5 34. Rd2 Bg5 35. b4 Qf5 36. f4 gxf3 37. Rxf3 Bxf3 38. Rf2 Be3 39. gxf3 Qxf3 40. Bg2 Qxf2+ 41. Kh2 Bf4+ 42. Kh1 Qe1+ 43. Bf1 Qxf1# 0-1


[Site "https://www.chess.com"]

[Event "Titled Tuesday Blitz October 25 Late 2022"]
[White "Predke, Alexandr"]
[Black "Putnam, Liam"]
[WhiteFideId "24107581"]
[BlackFideId "30938279"]
[WhiteElo "2614"]
[BlackElo "2082"]
[Result "1-0"]
[Round "03"]
[TimeControl "180+1"]
[Date "2022.10.26"]
[WhiteClock "0:00:05"]
[BlackClock "0:00:16"]

1. Nf3 d5 2. g3 g6 3. d4 Bg7 4. c4 dxc4 5. Qa4+ c6 6. Qxc4 Be6 7. Qc2 Bf5 8. Qb3 Qb6 9. Nbd2 Na6 10. e4 Be6 11. Bc4 Bxc4 12. Nxc4 Qxb3 13. axb3 Nb4 14. Kd1 Nf6 15. Bd2 Na6 16. Re1 O-O 17. Kc2 Rfd8 18. Bc3 Nd7 19. Na5 Nc7 20. Nxb7 Rdb8 21. Na5 Rb6 22. Nc4 Rb7 23. Ra5 Rab8 24. Rea1 Nb5 25. Ra6 Rc7 26. h4 h5 27. R6a4 Nf6 28. Re1 Ng4 29. Re2 Rd8 30. Rd2 Bh6 31. Re2 Rcd7 32. Na5 Rc7 33. Rc4 Rdc8 34. Ne5 Nd6 35. Rxc6 Nxe5 36. Rxc7 Rxc7 37. dxe5 Nb5 38. Nc4 Bg7 39. f4 Rc6 40. Rd2 Bf8 41. Rd8 Kg7 42. Rb8 a6 43. Rb6 Rc7 44. e6+ f6 45. Rxa6 Rc8 46. Rb6 Na7 47. f5 Rc7 48. Kd3 Nc8 49. Ra6 Na7 50. Ba5 Rb7 51. Rb6 Rc7 52. Rb8 Rc6 53. Rb7 Nc8 54. Rd7 gxf5 55. exf5 Rc5 56. Ke4 Rb5 57. b4 Rb8 58. Rc7 Kg8 59. Kd5 Ra8 60. Kc6 Rb8 61. Kd7 Rb5 62. Rxc8 Rd5+ 63. Kc6 Rxf5 64. b5 Kg7 65. b6 Rf1 66. b7 Rc1 67. Kb5 Rd1 68. b8=Q Rd5+ 69. Ka4 Kh7 70. Rxf8 Rd4 71. Rh8+ Kg6 72. Qg8+ Kf5 73. Qh7+ Kxe6 74. Qg8+ Kf5 75. Rxh5+ Ke4 76. Qg4+ Kd3 77. Qxd4+ Kxd4 78. b3 Ke4 79. b4 e5 80. b5 Kd5 81. b6 Kxc4 82. b7 Kd4 83. b8=Q Ke4 84. Qb1+ Kd5 85. Rf5 Kc4 86. Qb5+ Kd4 87. h5 Ke4 88. Rf1 f5 89. h6 f4 90. gxf4 exf4 91. h7 Ke3 92. h8=Q f3 93. Qc3+ Kf4 94. Qce5+ Kg4 95. Qg5+ Kh3 96. Rh1# 1-0


[Site "https://www.chess.com"]

[Event "Titled Tuesday Blitz October 25 Late 2022"]
[White "Rasulov, Vugar"]
[Black "Guz, Ari"]
[WhiteFideId "13402390"]
[BlackFideId "2825759"]
[WhiteElo "2509"]
[BlackElo "2205"]
[Result "1-0"]
[Round "03"]
[TimeControl "180+1"]
[Date "2022.10.26"]
[WhiteClock "0:02:35"]
[BlackClock "0:02:05"]

1. e4 e6 2. d4 d5 3. Nc3 dxe4 4. Nxe4 Nf6 5. Nxf6+ gxf6 6. g3 Bd7 7. Bg2 Bc6 8. Nf3 Nd7 9. O-O Bd6 10. c4 b6 11. Re1 Bb7 12. d5 e5 13. Nd4 Nc5 14. Nf5 Bc8 15. Qh5 Bxf5 16. Qxf5 Qd7 17. Qxf6 Rg8 18. Be3 Rg6 19. Qh8+ Bf8 20. Bxc5 1-0


[Site "https://www.chess.com"]

[Event "Titled Tuesday Blitz October 25 Late 2022"]
[White "Rengifo Blancas, Renzo Jhonathan"]
[Black "Aldokhin, Ivan"]
[WhiteFideId "3807185"]
[BlackFideId "24115720"]
[WhiteElo "2058"]
[BlackElo "2313"]
[Result "0-1"]
[Round "03"]
[TimeControl "180+1"]
[Date "2022.10.26"]
[WhiteClock "0:00:27"]
[BlackClock "0:00:08"]

1. d4 Nf6 2. Nc3 g6 3. Nf3 d5 4. Bf4 Bg7 5. e3 O-O 6. h3 c5 7. Be2 Nc6 8. O-O cxd4 9. exd4 Qb6 10. Nb5 Ne8 11. c4 Be6 12. Nc3 Nxd4 13. Nxd4 Qxd4 14. Qxd4 Bxd4 15. cxd5 Bxc3 16. dxe6 fxe6 17. Bg3 Bxb2 18. Rab1 Bd4 19. Rxb7 Nd6 20. Rd7 e5 21. Bf3 Rad8 22. Rxe7 Nf5 23. Rb7 Nxg3 24. Rc1 e4 25. Rcc7 exf3 26. gxf3 Rxf3 27. Kg2 Rxf2+ 28. Kxg3 Rdf8 29. Rd7 Be5+ 30. Kg4 Rg2+ 31. Kh4 Bf6# 0-1


[Site "https://www.chess.com"]

[Event "Titled Tuesday Blitz October 25 Late 2022"]
[White "Richter, Paul"]
[Black "Yano, William Jorge Froes"]
[WhiteFideId "2046350"]
[BlackFideId "2112949"]
[WhiteElo "2593"]
[BlackElo "2122"]
[Result "1-0"]
[Round "03"]
[TimeControl "180+1"]
[Date "2022.10.26"]
[WhiteClock "0:00:26"]
[BlackClock "0:00:02"]

1. e4 e6 2. d4 d5 3. Nc3 Bb4 4. e5 c5 5. a3 Ba5 6. Qg4 Ne7 7. dxc5 Bxc3+ 8. bxc3 Nbc6 9. Nf3 Qa5 10. Bd2 Qxc5 11. Qxg7 Rg8 12. Qxh7 Bd7 13. Qd3 Ng6 14. Be3 Qa5 15. h4 Ngxe5 16. Nxe5 Nxe5 17. Qd2 Ba4 18. c4 Qxd2+ 19. Kxd2 Nxc4+ 20. Bxc4 dxc4 21. Rag1 Bc6 22. Rh2 a6 23. h5 f6 24. g4 Bf3 25. h6 Be4 26. g5 fxg5 27. Rxg5 Rxg5 28. Bxg5 Kf7 29. Bf4 Rh8 30. Be5 Rd8+ 31. Kc3 Bh7 32. Rg2 Rg8 33. Bg7 Rd8 34. Rg4 Rc8 35. Be5 Ke7 36. Rg7+ 1-0


[Site "https://www.chess.com"]

[Event "Titled Tuesday Blitz October 25 Late 2022"]
[White "Rios Escobar, Adan"]
[Black "Janaszak, Dawid"]
[WhiteFideId "3403645"]
[BlackFideId "1119206"]
[WhiteElo "2352"]
[BlackElo "2226"]
[Result "1-0"]
[Round "03"]
[TimeControl "180+1"]
[Date "2022.10.26"]
[WhiteClock "0:00:04"]
[BlackClock "0:00:10"]

1. d4 Nf6 2. g3 g6 3. Bg2 Bg7 4. e4 d6 5. Ne2 O-O 6. O-O c5 7. dxc5 dxc5 8. e5 Ng4 9. f4 Nc6 10. h3 Nh6 11. Be3 Qb6 12. g4 Rd8 13. Qc1 Nd4 14. Nbc3 f5 15. g5 Nf7 16. Nxd4 cxd4 17. Bf2 Be6 18. Rd1 Rac8 19. Ne2 Qc7 20. Nxd4 Bd5 21. c3 Bxg2 22. Kxg2 Rd5 23. Qe3 e6 24. Kg1 Nd8 25. Rd2 Qb6 26. Rad1 Kf7 27. Qe2 Qc7 28. Rd3 Bf8 29. Nxe6 Nxe6 30. Rxd5 Be7 31. Be3 Qc6 32. Qb5 a6 33. Qb3 Ke8 34. a4 Rc7 35. a5 Rc8 36. Kf2 Rc7 37. h4 Rc8 38. Kg3 Rc7 39. h5 gxh5 40. Rh1 Rd7 41. Rxd7 Qxh1 42. Rxe7+ Kxe7 43. Qb4+ Ke8 44. Qc4 h4+ 45. Kf2 Qh2+ 46. Ke1 Qh1+ 47. Kd2 Qc6 48. Qxc6+ bxc6 49. Ke2 Kf7 50. Kf2 Kg6 51. Kg2 Kh5 52. Kh3 Nc7 53. c4 Ne6 54. b4 Nc7 55. Bf2 Ne6 56. Be3 Nc7 57. Bd2 Ne6 58. Bc1 Nc7 59. Be3 Ne6 60. b5 cxb5 61. cxb5 Nc7 62. b6 Nd5 63. b7 Nxe3 64. b8=Q Ng2 65. Qe8# 1-0


[Site "https://www.chess.com"]

[Event "Titled Tuesday Blitz October 25 Late 2022"]
[White "Roberts, Paul"]
[Black "Malka, Samuel"]
[WhiteFideId "2400600"]
[BlackFideId "20643675"]
[WhiteElo "2112"]
[BlackElo "2446"]
[Result "0-1"]
[Round "03"]
[TimeControl "180+1"]
[Date "2022.10.26"]
[WhiteClock "0:01:38"]
[BlackClock "0:01:38"]

1. e3 e5 2. d4 d6 3. c4 Nc6 4. Nc3 g6 5. d5 Nce7 6. Nf3 f5 7. Be2 Nf6 8. b3 Bg7 9. Bb2 O-O 10. Qc1 h6 11. h3 g5 12. Qc2 Ng6 13. g4 e4 14. Nd4 fxg4 15. hxg4 Nxg4 16. Qxe4 Nxf2 17. Qxg6 Nxh1 18. Bd3 Rf6 19. Qh7+ Kf8 20. O-O-O Nf2 21. Ne4 Nxd3+ 22. Rxd3 Rf1+ 23. Kc2 Qe7 24. Rd2 Bf5 25. Nxf5 Qxe4+ 26. Rd3 Rf2+ 27. Kc1 Bxb2+ 28. Kd1 Qxd3+ 29. Ke1 Qe2# 0-1


[Site "https://www.chess.com"]

[Event "Titled Tuesday Blitz October 25 Late 2022"]
[White "Roman, Rodrigo"]
[Black "Vargas, Mauricio"]
[WhiteFideId "3701220"]
[BlackFideId "4404572"]
[WhiteElo "2001"]
[BlackElo "2025"]
[Result "1-0"]
[Round "03"]
[TimeControl "180+1"]
[Date "2022.10.26"]
[WhiteClock "0:00:04"]
[BlackClock "0:00:00"]

1. e4 c6 2. d4 d5 3. Nc3 dxe4 4. Nxe4 Nf6 5. Nxf6+ exf6 6. Nf3 Bd6 7. Bd3 O-O 8. O-O Re8 9. c3 Nd7 10. Bc2 Nf8 11. h3 Bc7 12. Nh4 Qd6 13. f4 g5 14. Nf5 Bxf5 15. Bxf5 Ng6 16. Bd2 gxf4 17. Bxg6 hxg6 18. Bxf4 Qd7 19. Bxc7 Qxc7 20. Rxf6 Kg7 21. Qf3 Rf8 22. Rf1 Rae8 23. h4 c5 24. d5 Qe7 25. d6 Qe3+ 26. Qxe3 Rxe3 27. h5 gxh5 28. R6f5 Rd3 29. Rg5+ Kh6 30. Rxc5 Rxd6 31. Rc7 Rb6 32. b3 Kg7 33. Rf5 Ra6 34. a4 Kg6 35. Rb5 Rb6 36. Rxb6+ axb6 37. Rxb7 Rc8 38. Rxb6+ f6 39. c4 Rd8 40. a5 Rd1+ 41. Kh2 Rb1 42. a6 Ra1 43. c5 Ra3 44. b4 Kg5 45. b5 f5 46. Rb8 Ra2 47. c6 Kg4 48. Rg8+ Kf4 49. c7 Rb2 50. c8=Q h4 51. Qc4+ Ke5 52. Qc3+ 1-0


[Site "https://www.chess.com"]

[Event "Titled Tuesday Blitz October 25 Late 2022"]
[White "Roque Sola, Gisela"]
[Black "Koutlas, Nikolaos"]
[WhiteFideId "5120241"]
[BlackFideId "25827138"]
[WhiteElo "1961"]
[BlackElo "2167"]
[Result "0-1"]
[Round "03"]
[TimeControl "180+1"]
[Date "2022.10.26"]
[WhiteClock "0:00:08"]
[BlackClock "0:00:03"]

1. c4 Nf6 2. Nc3 c5 3. Nf3 g6 4. g3 Bg7 5. Bg2 O-O 6. O-O Nc6 7. a3 a6 8. Rb1 Rb8 9. b4 cxb4 10. axb4 b5 11. cxb5 axb5 12. d4 d5 13. Bf4 Rb6 14. Qc1 Bf5 15. Rb3 Ne4 16. Nxb5 Qd7 17. Nc3 Rc8 18. Nxe4 dxe4 19. Nh4 Nxd4 20. Qe3 Rbc6 21. Nxf5 gxf5 22. Rbb1 Rc3 23. Qd2 Rc2 24. Qd1 Nxe2+ 25. Kh1 Qb5 26. Be3 Ra2 27. Rb3 Ra1 28. Rb1 Nc3 29. Qc2 Rxb1 30. Rxb1 Rc4 31. Qb3 Nxb1 0-1


[Site "https://www.chess.com"]

[Event "Titled Tuesday Blitz October 25 Late 2022"]
[White "Rose, Felix"]
[Black "Miszler, Levente"]
[WhiteFideId "5105722"]
[BlackFideId "763276"]
[WhiteElo "2039"]
[BlackElo "2176"]
[Result "1-0"]
[Round "03"]
[TimeControl "180+1"]
[Date "2022.10.26"]
[WhiteClock "0:00:08"]
[BlackClock "0:00:01"]

1. d4 Nf6 2. Nc3 e6 3. e4 d5 4. e5 Nfd7 5. f4 c5 6. Nf3 Nc6 7. Be3 a6 8. Qd2 b5 9. dxc5 Bxc5 10. Bd3 Qb6 11. Bf2 f6 12. exf6 Nxf6 13. O-O O-O 14. Rae1 Ng4 15. Bxc5 Qxc5+ 16. Kh1 e5 17. fxe5 Ncxe5 18. Nxd5 Bb7 19. Nxe5 Rxf1+ 20. Rxf1 Qxd5 21. Nxg4 Re8 22. Qf2 h5 23. Ne3 Qe6 24. Nf5 Qf6 25. Qg3 Rf8 26. h3 h4 27. Nxh4 Qe7 28. Rxf8+ Qxf8 29. Ng6 Qf7 30. Qb8+ Kh7 31. Nf8+ Kh6 32. Ne6 Qxe6 33. Qxb7 Qe1+ 34. Kh2 Qe5+ 35. Kg1 Qe1+ 36. Bf1 Qe3+ 37. Kh1 Qc1 38. Qxa6+ g6 39. Qxb5 Qxc2 40. Qd3 Qf2 41. a4 g5 42. a5 g4 43. Qd6+ Kh5 44. Qe5+ Kh4 45. Qh8+ Kg3 46. Qc3+ Kh4 47. g3+ 1-0


[Site "https://www.chess.com"]

[Event "Titled Tuesday Blitz October 25 Late 2022"]
[White "Runets, Ivan"]
[Black "Gatterer, Florian"]
[WhiteFideId "13511564"]
[BlackFideId "811688"]
[WhiteElo "2076"]
[BlackElo "2218"]
[Result "1-0"]
[Round "03"]
[TimeControl "180+1"]
[Date "2022.10.26"]
[WhiteClock "0:00:48"]
[BlackClock "0:00:01"]

1. d4 Nf6 2. c4 e6 3. Nc3 Bb4 4. e3 O-O 5. Bd3 d5 6. Ne2 dxc4 7. Bxc4 c5 8. O-O cxd4 9. exd4 b6 10. Bg5 Be7 11. Rc1 Bb7 12. a3 h6 13. Bh4 Nbd7 14. Bg3 a6 15. Ba2 Rc8 16. Nf4 Ne4 17. Nxe4 Rxc1 18. Qxc1 Bxe4 19. Re1 Bf5 20. d5 e5 21. Ne2 Bc5 22. b4 Bd6 23. Nc3 Qc8 24. Qe3 Re8 25. Ne4 Bxe4 26. Qxe4 Qd8 27. Bb1 g6 28. Qd3 b5 29. h4 f5 30. h5 e4 31. Qc3 f4 32. Bh2 e3 33. fxe3 Qg5 34. Bxg6 Re7 35. exf4 Rxe1+ 36. Qxe1 Bxf4 37. Qe6+ 1-0


[Site "https://www.chess.com"]

[Event "Titled Tuesday Blitz October 25 Late 2022"]
[White "Rustemov, Alexander"]
[Black "Garayev, Kanan"]
[WhiteFideId "4119002"]
[BlackFideId "13406671"]
[WhiteElo "2791"]
[BlackElo "2244"]
[Result "1-0"]
[Round "03"]
[TimeControl "180+1"]
[Date "2022.10.26"]
[WhiteClock "0:00:22"]
[BlackClock "0:01:14"]

1. d4 Nf6 2. c4 e6 3. Nf3 d5 4. Nc3 Bb4 5. Bg5 O-O 6. e3 dxc4 7. Bxc4 c5 8. O-O cxd4 9. exd4 Bxc3 10. bxc3 h6 11. Bh4 b6 12. Bd3 Bb7 13. Qe2 Nbd7 14. Rfe1 Qc7 15. c4 Rac8 16. Bg3 Qc6 17. a4 Nh5 18. a5 bxa5 19. Rxa5 Nxg3 20. hxg3 Nb6 21. Rxa7 Ra8 22. Rea1 Rxa7 23. Rxa7 Ra8 24. Qa2 Rd8 25. Bf1 Nc8 26. Ra5 Ne7 27. Qb2 Nf5 28. Rb5 Ba6 29. Rb8 Qc8 30. Rxc8 Rxc8 31. c5 Bxf1 32. Kxf1 Ne7 33. Qb7 Kf8 34. Ne5 Rd8 35. c6 f6 36. c7 Rc8 37. Nd7+ Kf7 38. Nb6 1-0


[Site "https://www.chess.com"]

[Event "Titled Tuesday Blitz October 25 Late 2022"]
[White "Sailer, Mike"]
[Black "Ashiku, Franc"]
[WhiteFideId "2012901"]
[BlackFideId "4700066"]
[WhiteElo "2109"]
[BlackElo "2306"]
[Result "0-1"]
[Round "03"]
[TimeControl "180+1"]
[Date "2022.10.26"]
[WhiteClock "0:00:00"]
[BlackClock "0:00:20"]

1. d4 Nf6 2. Bf4 Nh5 3. Bg5 h6 4. Bh4 g5 5. e3 Nf6 6. Bg3 d6 7. c4 Ne4 8. Nc3 Nxg3 9. hxg3 Bg7 10. Bd3 Nd7 11. Nf3 Nf6 12. e4 Ng4 13. Qe2 c5 14. dxc5 dxc5 15. Nd5 e6 16. Nc3 Ne5 17. Nxe5 Bxe5 18. Qc2 a6 19. O-O-O Qf6 20. Na4 O-O 21. f4 Bd4 22. e5 Qg7 23. Be4 Rb8 24. Nb6 gxf4 25. gxf4 Be3+ 26. Kb1 Bxf4 27. g3 Bg5 28. Rh2 Qxe5 29. Rdh1 Kg7 30. Nxc8 Rfxc8 31. Qe2 b5 32. cxb5 axb5 33. g4 c4 34. Rh5 c3 35. b3 Rd8 36. Rxg5+ Qxg5 37. Rh5 Qd2 38. Qxd2 cxd2 0-1


[Site "https://www.chess.com"]

[Event "Titled Tuesday Blitz October 25 Late 2022"]
[White "Salimova, Nurgyul"]
[Black "Korobov, Anton"]
[WhiteFideId "2915138"]
[BlackFideId "14105730"]
[WhiteElo "2315"]
[BlackElo "2635"]
[Result "0-1"]
[Round "03"]
[TimeControl "180+1"]
[Date "2022.10.26"]
[WhiteClock "0:00:02"]
[BlackClock "0:00:25"]

1. Nf3 Nf6 2. c4 e6 3. b3 d5 4. Bb2 c5 5. cxd5 exd5 6. e3 Nc6 7. Bb5 Bd7 8. O-O Bd6 9. d4 cxd4 10. Bxc6 bxc6 11. Qxd4 c5 12. Qh4 O-O 13. Bxf6 Qxf6 14. Qxf6 gxf6 15. Nc3 Be6 16. Rfd1 Rfd8 17. Rac1 Rac8 18. Kf1 Be7 19. Ne2 Bd6 20. Rd2 Rd7 21. Nc3 Be7 22. Rcd1 Rcd8 23. Na4 Kf8 24. Rc2 Rc7 25. Nd4 Bd7 26. Nb2 Rdc8 27. Rdc1 a5 28. Nd3 Bd6 29. Ne2 Bb5 30. Nb2 d4 31. Rd1 Be7 32. Nc4 dxe3 33. Nxe3 a4 34. Nc4 axb3 35. axb3 Rb8 36. Nc3 Bc6 37. Rb1 Bd7 38. f3 Be6 39. Ne4 Rcb7 40. Rc3 Rxb3 41. Rbxb3 Rxb3 42. Rc2 f5 43. Ned2 Rb4 44. Ne3 Bg5 0-1


[Site "https://www.chess.com"]